 Dungeon Crawl Stone Soup version 0.27-a0-1136-g0b992a5a9d (webtiles) character file.

Game seed: 5691646437347399086

129384 porpoise the Warrior (level 17, -6/136 HPs)
             Began as a Djinni Venom Mage on May 5, 2021.
             Was the Champion of Makhleb.
             Mangled by a spark wasp (16 damage)
             ... on level 3 of the Spider Nest.
             The game lasted 03:31:07 (48134 turns).

porpoise the Warrior (Djinni Venom Mage)           Turns: 48134, Time: 03:31:08

Health: -6/136     AC: 16    Str:  9    XL:     17   Next: 5%
Gold:   2267       EV: 17    Int: 26    God:    Makhleb [******] SH:  7 Dex: 16

rFire    + + .     SeeInvis +   b - +5 long sword of Supply {holy, rPois}
rCold    . . .     Faith    .   r - +1 buckler
rNeg     . . .     Spirit   .   c - +2 leather armour of Sypsek {rC+ SInv}
rPois    ∞         Reflect  .   V - +0 helmet
rElec    .         Harm     .   A - +2 cloak
rCorr    .         Rampage  .   G - +0 pair of gloves
Will     +....                  (boots unavailable)
Stlth    +++.......             (no amulet)
HPRegen  0.32/turn              B - +6 ring of intelligence
MPRegen  0.00/turn              d - +4 ring of protection

@: flying
A: sickness immunity, fire resistance 2, cold vulnerability 1, float, innate
caster, hp casting, extra vitality 1
a: Renounce Religion, Minor Destruction, Lesser Servant of Makhleb, Major
Destruction, Greater Servant of Makhleb


You were on level 3 of the Spider Nest.
You worshipped Makhleb.
Makhleb was exalted by your worship.
You visited 5 branches of the dungeon, and saw 28 of its levels.
You also visited: Gauntlet and Ice Cave.

You collected 4210 gold pieces.
You spent 1943 gold pieces at shops.

Inventory:

Hand Weapons
 a - a +1 hunting sling
 b - the +5 long sword of Supply (weapon) {holy, rPois}
   (You found it on level 4 of the Lair of Beasts)

   It has been blessed by the Shining One to cause great damage to the undead
   and demons.
   It protects you from poison.
 v - the +5 rapier "Widowmaker" {pain, rPois Will+++ Str-2 Stlth-}
   (You found it on level 1 of the Spider Nest)

   In the hands of one skilled in necromantic magic, it inflicts extra damage on
   living creatures.
   It affects your strength (-2).
   It protects you from poison.
   It greatly increases your willpower.
   It makes you less stealthy.
Missiles
 l - 190 sling bullets
 C - 25 silver javelins (quivered)
Armour
 c - the +2 leather armour of Sypsek (worn) {rC+ SInv}
   (You found it on level 15 of the Dungeon)

   It protects you from cold.
   It lets you see invisible.
 r - a +1 buckler (worn)
 A - a +2 cloak (worn)
 G - a +0 pair of gloves (worn)
 V - a +0 helmet (worn)
Magical Staves
 w - a staff of poison
Jewellery
 d - a +4 ring of protection (right hand)
 f - a ring of see invisible
 h - a ring of protection from cold
 B - a +6 ring of intelligence (left hand)
 E - the ring "Ratoub" {Will+ rCorr}
   (You found it on level 5 of the Dungeon)

   [ring of willpower]

   It protects you from acid and corrosion.
   It increases your willpower.
Wands
 s - a wand of flame (103)
 t - a wand of digging (5)
 D - a wand of mindburst (29)
 F - a wand of iceblast (28)
 J - a wand of paralysis (35)
 N - a wand of acid (24)
Scrolls
 e - 2 scrolls of magic mapping
 j - 7 scrolls of vulnerability
 o - a scroll of summoning
 q - 5 scrolls of fear
 y - a scroll of immolation
 z - 3 scrolls of identify
 H - 2 scrolls of blinking
 P - 4 scrolls of teleportation
Potions
 g - 2 potions of resistance
 i - 6 potions of cancellation
 k - 5 potions of curing
 n - a potion of ambrosia
 p - 5 potions of mutation
 u - 10 potions of heal wounds
 x - 2 potions of lignification
 I - a potion of brilliance
 L - 4 potions of might
 S - 2 potions of invisibility
 T - 4 potions of haste
Miscellaneous
 m - a tin of tremorstones (2/2)
 M - a phial of floods
 O - a condenser vane
 X - a phantom mirror


   Skills:
 - Level 17.0 Fighting
 - Level 9.0 Armour
 + Level 10.7 Dodging
 - Level 5.0 Stealth
 - Level 9.0 Shields
 + Level 12.0 Spellcasting
 - Level 15.0 Invocations
 - Level 9.0 Evocations


You couldn't memorise any spells.
You knew the following spells:

 Your Spells              Type           Power      Damage    Failure   Level
a - Sting                 Tmut/Pois      100%       1d8       1%          1
b - Animate Skeleton      Necr           100%       N/A       1%          1
c - Summon Ice Beast      Ice/Summ       68%        N/A       1%          4
d - Dazzling Flash        Conj/Hex       100%       N/A       1%          3
e - Orb of Destruction    Conj           34%        9d12      28%         7
f - Freezing Cloud        Conj/Ice/Air   34%        6-21      4%          6
i - Ignite Poison         Fire/Tmut/Pois 68%        N/A       1%          3
k - Blink                 Tloc           N/A        N/A       1%          2
m - Mephitic Cloud        Conj/Pois/Air  68%        N/A       1%          3
n - Summon Mana Viper     Hex/Summ       68%        N/A       1%          5
o - Olgreb's Toxic Radia  Pois           68%        N/A       1%          4
r - Frozen Ramparts       Ice            100%       1d12      1%          3
v - Poisonous Vapours     Pois/Air       100%       N/A       1%          2
Your spell library was empty.

Dungeon Overview and Level Annotations

Branches:
Dungeon (15/15)            Temple (1/1) D:5            Lair (6/6) D:8
 Shoals (0/4) Lair:4       Spider (4/4) Lair:4        Slime (0/5) Lair:5
    Orc (2/2) D:12            Elf (0/3) Orc:2        Vaults (0/5) D:13
 Depths (0/5) D:15          IceCv (visited)         Gauntlet (visited)

Altars:
Ashenzari
Cheibriados
Dithmenos
Elyvilon
Fedhas
Gozag
Hepliaklqana
Kikubaaqudgha
Makhleb
Nemelex Xobeh
Okawaru
Qazlal
Ru
Sif Muna
Trog
Uskayaw
Vehumet
Wu Jian
Xom
Yredelemnul
Zin
The Shining One
Beogh
Jiyva

Shops:
D:12 :   D:14 =   Orc:2 (:[*[[

Portals:
Trove: D:14 (give +5 ice dragon scales)

Annotations:
Spider:4 Aizul, Arachne


Innate Abilities, Weirdness & Mutations

You are immune to sickness and miasma.
You are immune to poison.
Your flesh is very heat resistant. (rF++)
You are vulnerable to cold. (rC-)
You float through the air rather than walking.
You learn spells naturally, not from books.
Your magical power is your life essence.
You have superior vitality. (+4 HP)


Message History

Your mana viper bites the emperor scorpion but does no damage.
Your ice beast hits the emperor scorpion but does no damage. x2
Your mana viper bites the emperor scorpion.
Your ice beast hits the emperor scorpion but does no damage. x3
The helpless emperor scorpion fails to defend itself.
You hit the emperor scorpion but do no damage.
The emperor scorpion is severely wounded.
Your mana viper bites the emperor scorpion!
Your ice beast hits the emperor scorpion but does no damage. x2
Your ice beast hits the emperor scorpion.
Your ice beast freezes the emperor scorpion!!
Your mana viper bites the emperor scorpion.
The helpless emperor scorpion fails to defend itself.
You hit the emperor scorpion.
The emperor scorpion is almost dead.
Your mana viper bites the emperor scorpion.
The emperor scorpion dies!
Makhleb accepts your kill.
You start resting.
Your mana viper disappears in a puff of smoke!
Your ice beast disappears in a puff of smoke! x3
A spark wasp is nearby!
A spark wasp is nearby!
Casting: Summon Ice Beast (safe; 1% risk of failure)
Confirm with . or Enter, or press ? or * to list all spells.
A mana viper appears with a sibilant hiss.
The spark wasp buzzes angrily.
The spark wasp bursts into living lightning!
The living lightning hits you!
The spark wasp blinks!
Casting: Summon Mana Viper (mildly dangerous; 1% risk of failure)
Confirm with . or Enter, or press ? or * to list all spells.
A chill wind blows around you. The spark wasp stings you!!
The spark wasp shocks you!
* * * LOW HITPOINT WARNING * * *
Your mana viper bites the spark wasp.
The spark wasp's magic leaks into the air.
The spark wasp stings you!
* * * LOW HITPOINT WARNING * * *
The spark wasp shocks you!
You die...

#..#.#..#..#..##...#####
##....#..#.....##....#..##
#.......###..###...###^.#)
##?#.#..#.#..#.#..##.#..#.
#####....#....#..#..#....
#.......###..#..#..##..#
#####..##S.#.#..#^....#...#
######..^####.yY..#^.###..^#..##
##...###^.<..##.@†.#.>#.#...#..#.
#...#####...^...##....#^..####...
##..#.#.#^###.(##....##..##^.#..#
##......####..^#^.##......#..#...
.###...## ##########...#..#§...##
.#.#....# #...#..#^#..##.###^.sy.
......)#####..##...#...###.....>S
#....###.#.#.........######..####
..#..#.#...#.....##..#..#.#..#<.^


You could see a spark wasp (ally target), a friendly mana viper (summoned) and a
friendly ice beast (summoned).

Vanquished Creatures
  Saint Roka (Orc:2)
  Gastronok (Orc:1)
  Agnes (D:15)
  Kirke (Spider:3)
  A ghost moth (Spider:1)
  A frost giant (IceCv)
  An emperor scorpion (Spider:2)
  An ironbound preserver (D:13)
  Nessos (D:15)
  Azrael (Orc:2)
  A minotaur (Gauntlet)
  A fire dragon (Lair:6)
  A ghost crab (Spider:2)
  A rakshasa (D:15)
  An ogre mage (D:13)
  2 catoblepae (Lair:6)
  4 boulder beetles
  An ice dragon (Orc:1)
  7 centaur warriors
  4 two-headed ogres
  A death knight (D:13)
  3 death yaks (Lair:6)
  3 orc high priests
  A sixfirhy (Gauntlet)
  A glowing orange brain (D:15)
  A lindwurm (Lair:6)
  5 orc knights (Orc:2)
  Pikel (D:8)
  An orb spider (Spider:1)
  A wizard (D:9)
  3 ugly things
  2 orc sorcerers (Orc:2)
  4 deep elf pyromancers
  8 wolf spiders
  4 manticores
  4 cyclopes
  7 black mambas
  A moth of wrath (Spider:1)
  8 elephants
  A centaur zombie (D:11)
  2 ice statues
  2 molten gargoyles (Lair:6)
  2 torpor snails
  12 cane toads
  An unseen horror (D:12)
  15 komodo dragons
  A kobold demonologist (D:9)
  A freezing wraith (Lair:4)
  2 rime drakes
  4 demonic crawlers
  8 trolls
  A meliai (shapeshifter) (D:15)
  10 jumping spiders
  22 polar bears
  5 tyrant leeches (Spider:2)
  A wolf spider simulacrum (D:15)
  A hornet (Spider:1)
  Prince Ribbit (D:5)
  13 blink frogs
  6 slime creatures
  6 dream sheep (Lair:5)
  53 redbacks
  2 vampires (D:12)
  Eustachio (D:4)
  2 wraiths (D:12)
  5 shadows
  18 tarantellas
  3 wyverns
  4 fire elementals (Orc:2)
  50 yaks
  3 steam dragons
  5 hogs (Spider:3)
  5 basilisks
  9 vampire mosquitoes
  Edmund (D:5)
  A swamp worm (shapeshifter) (D:15)
  8 hell hounds
  12 water moccasins
  Duvessa (D:5)
  A floating eye (shapeshifter) (D:15)
  31 orc warriors
  5 black bears
  7 ice beasts
  3 sky beasts
  A hornet zombie (D:5)
  2 necrophages
  A boggart (D:9)
  12 ogres
  5 centaurs
  42 wolves
  3 lemures (D:8)
  A phantom (D:5)
  2 kobold brigands
  Blork the orc (Orc:2)
  2 gnoll sergeants
  17 bullfrogs
  2 wyvern zombies
  3 scorpions
  A wyvern skeleton (D:5)
  A water moccasin skeleton (D:7)
  2 water moccasin zombies (D:5)
  Dowan (D:5)
  8 killer bees
  A wight (D:5)
  2 electric eels (Lair:2)
  2 howler monkeys
  4 bullfrog zombies (D:5)
  5 lava snakes (Lair:6)
  6 hounds
  A human zombie (D:5)
  4 centaur skeletons
  A gnoll shaman (D:7)
  16 orc priests
  2 bullfrog skeletons (D:5)
  3 iguanas
  24 orc wizards
  A scorpion zombie (D:5)
  A killer bee zombie (D:8)
  2 howler monkey zombies
  14 gnolls
  A river rat (D:6)
  6 adders
  A shadow imp (D:13)
  4 white imps
  2 ufetubi (Gauntlet)
  2 adder zombies (D:5)
  5 worms
  2 dart slugs
  54 orcs
  7 ball pythons
  5 bats
  2 endoplasms (D:1)
  2 giant cockroaches
  14 goblins
  8 hobgoblins
  9 jackals
  2 quokkas
  4 frilled lizards
  10 kobolds
  7 rats
782 creatures vanquished.

Vanquished Creatures (collateral kills)
  2 emperor scorpions
  A rakshasa (D:15)
  6 hydras
  A ghost crab (Spider:2)
  The ghost of OTABOTABOTAB the Slicer, a journeyman VSFi of Uskayaw (D:12)
  A two-headed ogre (Orc:2)
  The ghost of bronco the Destroyer, a novice DgCj (D:9)
  2 ugly things (D:15)
  The ghost of Zeld the Chucker, a novice OpFi (D:6)
  An oklob plant (Lair:2)
  A moth of wrath (Spider:2)
  2 black mambas
  2 gargoyles
  A cane toad (Lair:6)
  2 efreet
  3 slime creatures (D:12)
  2 vampires (D:13)
  A redback (Spider:2)
  7 vampire mosquitoes
  7 wargs
  2 water moccasins (Lair:3)
  The ghost of jestyr24 the Chiller, an amateur MfIE (D:5)
  A bullfrog (D:6)
  A wight (D:5)
  6 crimson imps (D:13)
  3 white imps
  An orc (Orc:1)
  2 endoplasms (D:2)
  A goblin (D:2)
  2 hobgoblins (D:2)
  A jackal (D:2)
  A kobold (D:2)
  A rat (D:2)
68 creatures vanquished.

Vanquished Creatures (others)
  2 humans (Spider:3)
  24 fungi
  31 plants
57 creatures vanquished.

Grand Total: 907 creatures vanquished

Notes
Turn   | Place    | Note
-------+----------+-------------------------------------------
     0 | D:1      | porpoise the Djinni Venom Mage began the quest for the Orb.
     0 | D:1      | Reached XP level 1. HP: 15/15 MP: 0/0
   544 | D:1      | Reached skill level 1 in Fighting
   544 | D:1      | Reached XP level 2. HP: 21/22 MP: 0/0
   939 | D:1      | Reached XP level 3. HP: 19/27 MP: 0/0
   939 | D:1      | Learned a level 1 spell: Animate Skeleton
  1413 | D:2      | Reached skill level 2 in Fighting
  1688 | D:2      | Reached XP level 4. HP: 14/34 MP: 0/0
  2095 | D:2      | Found an iron altar of Okawaru.
  3239 | D:3      | Reached skill level 3 in Fighting
  3239 | D:3      | Reached XP level 5. HP: 23/40 MP: 0/0
  3239 | D:3      | Learned a level 2 spell: Blink
  3372 | D:3      | Found a shimmering altar of Xom.
  3621 | D:3      | Found a blossoming altar of Fedhas.
  3624 | D:3      | Found a snail-covered altar of Cheibriados.
  3628 | D:3      | Found a glowing golden altar of the Shining One.
  3662 | D:3      | Found a faded altar of an unknown god.
  3943 | D:4      | Noticed an ogre
  3952 | D:4      | Killed an ogre
  3953 | D:4      | Reached skill level 4 in Fighting
  3953 | D:4      | Reached XP level 6. HP: 35/47 MP: 0/0
  4199 | D:4      | Found a white marble altar of Elyvilon.
  4250 | D:4      | Noticed Eustachio
  4255 | D:4      | Killed Eustachio
  4256 | D:4      | Reached skill level 5 in Fighting
  4256 | D:4      | Reached skill level 5 in Spellcasting
  4256 | D:4      | Reached XP level 7. HP: 38/54 MP: 0/0
  4256 | D:4      | Learned a level 3 spell: Dazzling Flash
  4342 | D:4      | Found a sparkling altar of Nemelex Xobeh.
  4343 | D:4      | Found a broken altar of Ashenzari.
  4343 | D:4      | Found a sacrificial altar of Ru.
  4976 | D:5      | Entered Level 5 of the Dungeon
  4983 | D:5      | Noticed Duvessa
  4983 | D:5      | Noticed Dowan
  4986 | D:5      | Killed Dowan
  4988 | D:5      | Killed Duvessa
  5170 | D:5      | Noticed jestyr24's ghost (amateur MfIE)
  5173 | D:5      | Found a runed translucent door.
  5213 | D:5      | Reached XP level 8. HP: 33/61 MP: 0/0
  5216 | D:5      | Noticed Edmund
  5232 | D:5      | Reached skill level 6 in Fighting
  5395 | D:5      | Killed Edmund
  6027 | D:5      | Noticed Prince Ribbit
  6029 | D:5      | Killed Prince Ribbit
  6030 | D:5      | Reached skill level 7 in Fighting
  6030 | D:5      | Reached skill level 1 in Shields
  6267 | D:5      | Found a staircase to the Ecumenical Temple.
  6282 | Temple   | Entered the Ecumenical Temple
  6803 | D:5      | Reached XP level 9. HP: 56/68 MP: 0/0
  6803 | D:5      | Learned a level 3 spell: Frozen Ramparts
  6910 | D:5      | Reached skill level 1 in Armour
  7304 | D:5      | Identified the ring "Ratoub" {Will+ rCorr}
  7735 | D:6      | Found a runed translucent door.
  7736 | D:6      | Noticed Zeld's ghost (novice OpFi)
  8509 | D:6      | Reached skill level 5 in Dodging
  8593 | D:6      | Reached skill level 1 in Evocations
  8836 | D:6      | Found a runed translucent door.
  9532 | D:7      | Reached skill level 5 in Armour
  9555 | D:7      | Reached XP level 10. HP: 29/75 MP: 0/0
 10220 | D:7      | Noticed a manticore
 10223 | D:7      | Killed a manticore
 10224 | D:7      | Reached skill level 5 in Evocations
 10593 | D:7      | Found a shadowy altar of Dithmenos.
 11375 | D:8      | Noticed Pikel
 11405 | D:8      | Killed Pikel
 11406 | D:8      | Reached skill level 8 in Fighting
 11756 | D:8      | Found a staircase to the Lair.
 12203 | D:8      | Found a shadowy altar of Dithmenos.
 12203 | D:8      | Found a hazy altar of Hepliaklqana.
 12736 | D:9      | Identified a scroll of acquirement
 12736 | D:9      | Acquired 1129 gold pieces
 12818 | D:9      | Reached skill level 5 in Stealth
 12869 | D:9      | Reached skill level 9 in Fighting
 13086 | D:9      | Noticed a cyclops
 13087 | D:9      | Noticed a centaur warrior
 13091 | D:9      | Noticed a kobold demonologist
 13092 | D:9      | Noticed a centaur warrior
 13095 | D:9      | Killed a cyclops
 13095 | D:9      | Killed a kobold demonologist
 13095 | D:9      | Killed a centaur warrior
 13096 | D:9      | Reached XP level 11. HP: 32/85 MP: 0/0
 13096 | D:9      | Learned a level 4 spell: Summon Ice Beast
 13098 | D:9      | Killed a centaur warrior
 13099 | D:9      | Reached skill level 10 in Fighting
 13515 | D:9      | Found a runed translucent gate.
 13521 | D:9      | Found a runed translucent gate.
 13521 | D:9      | Found a runed translucent gate.
 13524 | D:9      | Noticed bronco's ghost (novice DgCj)
 13579 | D:9      | Noticed a centaur warrior
 13579 | D:9      | Noticed a manticore
 13580 | D:9      | Noticed a five-headed hydra
 13580 | D:9      | Noticed a deep elf pyromancer
 13581 | D:9      | Noticed a wizard
 13843 | D:9      | Killed a centaur warrior
 13895 | D:9      | Killed a deep elf pyromancer
 14434 | D:9      | Identified the amulet of Janam {Acrobat Harm Int+2 Slay+3}
 14460 | D:9      | Killed a manticore
 14610 | D:9      | Killed a five-headed hydra
 14667 | D:9      | Found a burning altar of Makhleb.
 14675 | D:9      | Became a worshipper of Makhleb the Destroyer
 14720 | D:9      | Killed a wizard
 14935 | D:10     | Entered Level 10 of the Dungeon
 15556 | D:10     | Reached skill level 11 in Fighting
 15556 | D:10     | Reached skill level 1 in Invocations
 17108 | D:11     | Reached XP level 12. HP: 87/94 MP: 0/0
 17372 | D:12     | Reached * piety under Makhleb
 17449 | D:12     | Found a runed translucent gate.
 17449 | D:12     | Found a runed translucent gate.
 17449 | D:12     | Found a runed translucent gate.
 17450 | D:12     | Noticed OTABOTABOTAB's ghost (journeyman VSFi)
 17621 | D:12     | Found a staircase to the Orcish Mines.
 17782 | D:12     | Found Tuibyup's Book Emporium.
 17789 | D:12     | Bought a manual of Fighting for 1435 gold pieces
 17858 | D:12     | Reached skill level 12 in Fighting
 17869 | D:12     | Reached skill level 5 in Invocations
 18185 | D:12     | Noticed a two-headed ogre
 18188 | D:12     | Killed a two-headed ogre
 18746 | Lair:1   | Entered Level 1 of the Lair of Beasts
 19147 | Lair:1   | Reached skill level 13 in Fighting
 19349 | Lair:1   | Reached ** piety under Makhleb
 21017 | Lair:2   | Reached XP level 13. HP: 96/103 MP: 0/0
 21017 | Lair:2   | Learned a level 5 spell: Summon Mana Viper
 21019 | Lair:2   | Reached skill level 10 in Spellcasting
 21580 | Lair:2   | Identified the +0 helmet of Sloth {Contam Harm +Inv rPois}
 22983 | Lair:3   | Reached skill level 14 in Fighting
 23942 | Lair:4   | Found a hole to the Spider Nest.
 23967 | Lair:4   | Reached *** piety under Makhleb
 24073 | Lair:4   | Found a staircase to the Shoals.
 24095 | Lair:4   | Identified the +5 long sword of Supply {holy, rPois}
 26009 | Lair:5   | Reached **** piety under Makhleb
 26225 | Lair:5   | Reached XP level 14. HP: 102/112 MP: 0/0
 26303 | Lair:5   | Reached skill level 15 in Fighting
 26343 | Lair:5   | Found a staircase to the Slime Pits.
 26343 | Lair:5   | Found a viscous altar of Jiyva.
 28353 | D:13     | Found a gate to the Vaults.
 28353 | D:13     | Noticed an ironbound preserver
 28370 | D:13     | Killed an ironbound preserver
 28791 | D:13     | Reached skill level 5 in Shields
 29489 | D:14     | Found a portal to a secret trove of treasure.
 29498 | D:14     | Reached skill level 16 in Fighting
 29508 | D:14     | Found Maniptem's Jewellery Boutique.
 29689 | D:14     | Found a gate leading to a gauntlet.
 29694 | Gauntlet | Entered a Gauntlet
 29694 | Gauntlet | Found a transporter.
 29770 | Gauntlet | Found a transporter.
 29771 | Gauntlet | Found a transporter.
 29784 | Gauntlet | Found a runed translucent gate.
 29784 | Gauntlet | Found a runed translucent gate.
 29784 | Gauntlet | Found a runed translucent gate.
 29789 | Gauntlet | Found a transporter.
 29791 | Gauntlet | Found a transporter.
 29803 | Gauntlet | Found a transporter.
 29824 | Gauntlet | Found a transporter.
 29835 | Gauntlet | Found a transporter.
 29846 | Gauntlet | Found a transporter.
 29846 | Gauntlet | Found a transporter.
 29881 | Gauntlet | Found a transporter.
 29889 | Gauntlet | Found a transporter.
 29890 | Gauntlet | Found a transporter.
 29922 | Gauntlet | Found a transporter.
 30266 | Gauntlet | Reached ***** piety under Makhleb
 30319 | Gauntlet | Identified the ring of the Heavens {rPois Dex+5}
 31735 | D:15     | Entered Level 15 of the Dungeon
 31933 | D:15     | Identified the +2 leather armour of Sypsek {rC+ SInv}
 32204 | D:15     | Noticed Nessos
 32209 | D:15     | Killed Nessos
 32886 | D:15     | Reached XP level 15. HP: 122/122 MP: 0/0
 32886 | D:15     | Learned a level 6 spell: Freezing Cloud
 32947 | D:15     | Found a staircase to the Depths.
 33066 | D:15     | Acquired a manual of Invocations
 33120 | D:15     | Noticed Agnes
 33129 | D:15     | Killed Agnes
 33752 | Orc:1    | Entered Level 1 of the Orcish Mines
 33837 | Orc:2    | Entered Level 2 of the Orcish Mines
 33952 | Orc:2    | Found a shimmering altar of Xom.
 34020 | Orc:1    | Noticed Gastronok
 34029 | Orc:1    | Killed Gastronok
 34044 | Orc:1    | Found a frozen archway.
 34078 | IceCv    | Entered an ice cave
 34816 | IceCv    | Reached skill level 10 in Invocations
 35018 | IceCv    | Noticed a frost giant
 35023 | IceCv    | Killed a frost giant
 35322 | Orc:1    | You are sucked into a shaft and drop 1 floor!
 35328 | Orc:2    | Found Pewuk's Armour Shop.
 35734 | Orc:1    | Reached ****** piety under Makhleb
 36334 | Orc:2    | Noticed Azrael
 36354 | Orc:2    | Killed Azrael
 36508 | Orc:2    | Found Arhegg's Armour Emporium.
 36651 | Orc:2    | Found a staircase to the Elven Halls.
 36701 | Orc:2    | Noticed Saint Roka
 36706 | Orc:2    | Noticed Blork the orc
 36709 | Orc:2    | Killed Blork the orc
 36713 | Orc:2    | Killed Saint Roka
 37094 | Orc:2    | Paralysed by an orc sorcerer for 2 turns
 37102 | Orc:2    | Found Daeqeak's Book Boutique.
 37104 | Orc:2    | Found Egypp's Antique Weapon Boutique.
 37114 | Orc:2    | Found Toaskeg's General Store.
 37150 | Orc:2    | Found Daubbeb's Antique Armour Boutique.
 37243 | Orc:2    | Bought a runed leather armour for 135 gold pieces
 37243 | Orc:2    | Bought a glowing hat for 189 gold pieces
 37262 | Orc:2    | Bought a scroll of teleportation for 36 gold pieces
 37262 | Orc:2    | Bought a scroll of fear for 42 gold pieces
 37262 | Orc:2    | Bought a scroll of identify for 24 gold pieces
 37262 | Orc:2    | Bought a scroll of identify for 24 gold pieces
 37465 | Orc:2    | Bought a +0 pair of gloves for 58 gold pieces
 37790 | Lair:6   | Entered Level 6 of the Lair of Beasts
 37951 | Lair:6   | Reached XP level 16. HP: 120/129 MP: 0/0
 39846 | Lair:6   | Found a large runed translucent door.
 39847 | Lair:6   | Found a large runed translucent door.
 40639 | D:5      | Killed jestyr24's ghost
 40756 | D:6      | Killed Zeld's ghost
 41063 | D:9      | Killed bronco's ghost
 41347 | D:12     | Killed OTABOTABOTAB's ghost
 41719 | Spider:1 | Entered Level 1 of the Spider Nest
 42529 | Spider:1 | Identified the +5 rapier "Widowmaker" {pain, rPois Will+++
                  | Str-2 Stlth-}
 44224 | Spider:2 | Reached skill level 15 in Invocations
 46331 | Spider:3 | Reached skill level 10 in Dodging
 47542 | Spider:3 | Noticed Kirke
 47550 | Spider:3 | Killed Kirke
 47551 | Spider:3 | Reached XP level 17. HP: 132/135 MP: 0/0
 47551 | Spider:3 | Learned a level 7 spell: Orb of Destruction
 47628 | Spider:4 | Entered Level 4 of the Spider Nest
 47630 | Spider:4 | Noticed Aizul
 47631 | Spider:4 | Noticed Arachne
 47632 | Spider:4 | Reached skill level 17 in Fighting
 48134 | Spider:3 | Mangled by a spark wasp

Illustrated notes

Levels and vault maps discovered:
D:1:      dpeg_arrival_snail, layout_basic
D:2:      layout_rooms, basic_altar, hangedman_decor_riveting
D:3:      layout_rooms, lemuel_tele_altar, grunt_temple_overflow_diamond,
          shapermc_ecumenical_altar_mp_highgroup, serial_park_tiny_pond
D:4:      layout_loops_ring, chequers_temple_overflow_statue_of_worship,
          uniq_eustachio
D:5:      layout_gridville, lemuel_mausoleum_altar_kikubaaqudgha,
          temple_statues, hellmonk_ghost_happy_afterlife, uniq_edmund,
          uniq_duvessa, uniq_prince_ribbit1
D:6:      layout_basic, ebering_ghost_sewer_f, hangedman_decor_slide_cut
D:7:      layout_basic, nicolae_overflow_crystal_walls, minmay_misc_feat_room,
          minmay_ruined_shrine
D:8:      layout_loops_ring, riverfiend_overflow_shadow_ancestor,
          dpeg_oklobed_lair, uniq_pikel
D:9:      minmay_the_grid_octo_triangle [minmay_the_grid_octo_thin_diamonds,
          minmay_the_grid_octo_prize_ultimate_mussel_roller,
          minmay_the_grid_octo_teeth], layout_basic, lemuel_round_altar,
          ebering_ghost_rock_garden, minivault_11
D:10:     layout_stronghold
D:11:     layout_irregular_city
D:12:     layout_irregular_city, orc_0_dummy, serial_shops, nicolae_shop_stone,
          ebering_ghost_rock_garden
D:13:     layout_basic, skrybe_vaults_entry_preservation, minmay_nine_imps
D:14:     layout_basic, gauntlet_entry_generic, grunt_decor_resistance,
          serial_shops, shop, enter_trove_2
D:15:     gammafunk_enter_depths_forms, layout_rooms, minivault_25, uniq_nessos,
          uniq_agnes
Temple:   compressed_dpeg_triangle_lava_temple
Lair:1:   layout_gridlike, beast_lair_carwin_5, grunt_megastairs_3
Lair:2:   layout_gridlike, serial_bayou_shore_a, serial_bayou_shore_b
Lair:3:   layout_cave_pods, beast_lair_carwin_9, grunt_megastairs_2
Lair:4:   layout_cave_pods, shoals_dummy_entry, spider_nest_entry_a, ice2_lemuel
Lair:5:   layout_cave_pods, slime_altar_1
Lair:6:   cheibrodos_lair_end_hotspot, layout_hall_layers
Spider:1: layout_chambers
Spider:2: layout_chambers, nicolae_spider_swamp_cousins
Spider:3: layout_spider_delve, uniq_kirke
Spider:4: guppyfry_spider_rune, drop_trap, uniq_arachne, uniq_aizul
Orc:1:    layout_caves, portal_ice_cave_entry_animals_and_master,
          nicolae_volcano_entry_lava_flow, basic_altar, uniq_gastronok
Orc:2:    grunt_orc_cross, layout_caves, serial_shops,
          nicolae_shop_temple_entry_statues_fountains, nicolae_shop_statue_plus,
          basic_altar, nicolae_orc_stony_grotto, mines1_david, uniq_azrael

Skill      XL: |  1  2  3  4  5  6  7  8  9 10 11 12 13 14 15 16 17 |
---------------+----------------------------------------------------+-----
Fighting       | 1 2 3 4 5 7 9 11 13 14 16 17 | 17.0
Spellcasting   | 3 4 5 7 9 11 12 | 12.0
Shields        | 3 4 7 8 9 |  9.0
Armour         | 5 6 9 |  9.0
Dodging        | 5 7 9 10 | 10.7
Evocations     | 3 5 6 7 9 |  9.0
Stealth        | 5 |  5.0
Invocations    | 3 5 6 12 15 | 15.0

Action                   |  1- 3 |  4- 6 |  7- 9 | 10-12 | 13-15 | 16-18 || total
-------------------------+-------+-------+-------+-------+-------+-------++-------
Melee: Unarmed           |     6 |       |       |       |       |       ||     6
       Dagger            |    27 |     7 |       |       |       |       ||    34
       Whip              |       |     7 |       |       |       |       ||     7
       Short sword       |       |    11 |    22 |    62 |       |       ||    95
       Rapier            |       |       |     1 |       |    26 |    12 ||    39
       Hunting sling     |       |       |       |     1 |       |       ||     1
       Long sword        |       |       |       |       |    26 |    88 ||   114
       Staff             |       |       |       |       |     3 |     8 ||    11
 Fire: Hunting sling     |       |     5 |    49 |    90 |    59 |    21 ||   224
Throw: Stone             |     3 |       |       |       |       |       ||     3
       Javelin           |       |       |       |       |     3 |     1 ||     4
 Cast: Sting             |    30 |    15 |       |       |       |       ||    45
       Poisonous Vapours |    19 |    43 |    27 |     2 |       |       ||    91
       Animate Skeleton  |     2 |     5 |       |       |       |       ||     7
       Ignite Poison     |     1 |     7 |    63 |   131 |   312 |   148 ||   662
       Olgreb's Toxic Ra |       |     1 |    15 |    73 |   167 |    78 ||   334
       Mephitic Cloud    |       |       |    21 |    28 |    34 |    19 ||   102
       Blink             |       |       |     3 |     1 |     4 |     5 ||    13
       Summon Ice Beast  |       |       |       |    18 |    32 |    48 ||    98
       Frozen Ramparts   |       |       |       |     1 |     1 |     1 ||     3
       Summon Mana Viper |       |       |       |       |    33 |    34 ||    67
       Freezing Cloud    |       |       |       |       |     4 |    30 ||    34
       Dazzling Flash    |       |       |       |       |       |     1 ||     1
Evoke: Tin of tremorston |       |       |       |       |     4 |       ||     4
       Wand              |       |       |       |       |     7 |     2 ||     9
  Use: Scroll            |       |     2 |     7 |    15 |     9 |     4 ||    37
       Potion            |       |       |       |     1 |     3 |     1 ||     5
 Stab: Sleeping          |     1 |       |       |       |       |       ||     1
       Distracted        |       |       |       |     1 |     2 |     3 ||     6
       Paralysed         |       |       |       |       |       |     6 ||     6
Armor: Robe              |     7 |     4 |    15 |    41 |    24 |       ||    91
       Leather armour    |       |       |       |       |    18 |   117 ||   135
Dodge: Dodged            |    26 |    13 |    46 |    98 |   121 |   176 ||   480
Block: Buckler           |       |       |     3 |    39 |    65 |    99 ||   206
       Rpst.: Long sword |       |       |       |       |     5 |    16 ||    21

Table legend: (Time is in decaauts)
 A = Elapsed time spent in this place.
 B = Non-inter-level travel time spent in this place.
 C = Inter-level travel time spent in this place.
 D = Time resting spent in this place.
 E = Time spent auto-exploring this place.
 F = Levels seen in this place.
 G = Mean time per level.
                   A        B        C        D        E       F      G
               +--------+--------+--------+--------+--------+-----+--------+
         Total |  48129 |  45191 |   2938 |  20405 |  17609 |  30 | 1604.3 |
       Dungeon |  24784 |  23269 |   1515 |  11292 |   9399 |  15 | 1652.3 |
        Temple |    307 |    282 |     25 |      0 |    282 |   1 |  307.0 |
          Lair |  12296 |  11156 |   1140 |   4996 |   3937 |   6 | 2049.3 |
   Spider Nest |   6176 |   6013 |    163 |   2728 |   2641 |   4 | 1544.0 |
  Orcish Mines |   2580 |   2487 |     93 |    415 |   1230 |   2 | 1290.0 |
      Ice Cave |   1188 |   1188 |      0 |    670 |     55 |   1 | 1188.0 |
      Gauntlet |    795 |    795 |      0 |    302 |     65 |   1 |  795.0 |
               +--------+--------+--------+--------+--------+-----+--------+

Top non-repeatable levels by time:
  Lair:4: 2568 daAuts
     D:9: 2532 daAuts
     D:5: 2402 daAuts
  Lair:6: 2373 daAuts
Spider:2: 2359 daAuts
     D:7: 2039 daAuts
  Lair:1: 2011 daAuts
Spider:3: 1983 daAuts
  Lair:5: 1934 daAuts
  Lair:2: 1904 daAuts
     D:6: 1900 daAuts
    D:12: 1846 daAuts
Spider:1: 1821 daAuts
    D:15: 1736 daAuts
     D:8: 1630 daAuts
